 Dungeon Crawl Stone Soup version 0.30-a0-364-gf6b3ef1049 (webtiles) character file.

Game seed: 7183038125997581564

6606 NinjaNoafa the Cleaver (level 10, -1/88 HPs)
             Began as a Minotaur Fighter on Nov 15, 2022.
             Was the Champion of Jiyva.
             Slain by a death yak (16 damage)
             ... on level 8 of the Dungeon.
             The game lasted 00:11:53 (5506 turns).

NinjaNoafa the Cleaver (Minotaur Fighter)           Turns: 5506, Time: 00:11:54

Health: -1/88      AC:  8    Str: 26    XL:     10   Next: 71%
Magic:  0/9        EV: 12    Int:  5    God:    Jiyva [******]
Gold:   141        SH:  4    Dex:  9    Spells: 9/9 levels left

rFire   . . .      SeeInvis +    a - +0 war axe
rCold   . . .      Faith    .    c - +0 buckler
rNeg    . . .      Spirit   +    w - +0 chain mail
rPois   .          Reflect  .    (helmet restricted)
rElec   .          Harm     .    q - scarf {shadows}
rCorr   +          Rampage  .    (no gloves)
Will    .....                    l - +0 pair of boots
Stlth   ..........               s - amulet of guardian spirit
HPRegen 1.94/turn                h - +4 ring of evasion
MPRegen 0.61/turn                (no ring)

@: no status effects
A: horns 2, retaliatory headbutt, see invisible, pseudopods 1, translucent skin
2, tendrils, jelly absorbing missiles, engulf
a: Renounce Religion, Oozemancy, Slimify


You were on level 8 of the Dungeon.
You worshipped Jiyva.
Jiyva was exalted by your worship.
You visited 2 branches of the dungeon, and saw 9 of its levels.
You also visited: Sewer.

You collected 141 gold pieces.

Inventory:

Hand Weapons
 a - a +0 war axe (weapon)
Missiles
 i - 20 stones
 r - 4 poisoned darts
Armour
 c - a +0 buckler (worn)
 l - a +0 pair of boots (worn)
 q - a scarf of shadows (worn)
 w - a +0 chain mail (worn)
Jewellery
 b - a ring of ice
 h - a +4 ring of evasion (left hand)
 s - an amulet of guardian spirit (around neck)
 z - the ring "Bivojesemm" {rElec rC+ Int+2 SInv Stlth+}
   (You took it off a centaur on level 7 of the Dungeon)

   [ring of protection from cold]

   Int:       It affects your intelligence (+2).
   rC:        It protects you from cold.
   rElec:     It insulates you from electricity.
   SInv:      It lets you see invisible.
   Stlth:     It makes you more stealthy.
Wands
 o - a wand of digging (5)
 t - a wand of roots (3) (quivered)
 u - a wand of flame (28)
Scrolls
 d - a scroll of enchant weapon {unknown}
 e - a scroll of silence {unknown}
 f - 5 scrolls of identify {unknown}
 g - 5 scrolls of teleportation {unknown}
 m - a scroll of enchant armour {unknown}
 n - 5 scrolls of noise {unknown}
 p - a scroll of immolation {unknown}
 x - a scroll of blinking {unknown}
Potions
 j - 2 potions of haste
 k - a potion of flight
Miscellaneous
 v - a phantom mirror
 y - a tin of tremorstones (1/2)


   Skills:
 - Level 8.0 Fighting
 - Level 14.0 Axes
 - Level 8.0 Armour
 - Level 3.6 Shields
 + Level 7.2 Evocations


You had 9 spell levels left.
You didn't know any spells.
Your spell library contained the following spells:

 Spells                   Type           Power      Damage    Failure   Level
 Cigotuvi's Dreadful Rot  Necr/Pois/Air  0%         N/A       99%         2
 Poisonous Vapours        Pois/Air       0%         N/A       99%         2
 Mephitic Cloud           Conj/Pois/Air  0%         N/A       100%        3


Dungeon Overview and Level Annotations

Branches:
Dungeon (8/15)             Temple (1/1) D:5           Sewer (visited)
   Lair: D:8-11

Altars:
Ashenzari
Cheibriados
Dithmenos
Elyvilon
Fedhas
Gozag
Hepliaklqana
Kikubaaqudgha
Makhleb
Nemelex Xobeh
Okawaru
Qazlal
Ru
Sif Muna
Trog
Uskayaw
Vehumet
Wu Jian
Xom
Yredelemnul
Zin
The Shining One
Jiyva

Annotations:
D:7 1 runed translucent door


Innate Abilities, Weirdness & Mutations

You have a pair of horns on your head.
You reflexively headbutt those who attack you in melee.
You have supernaturally acute eyesight. (SInv)
Armour fits poorly on your pseudopods.
Your translucent skin reduces your foes' accuracy. (Stealth+)
You are covered in slimy tendrils that may disarm your opponents.
You have a small jelly attached to you that may absorb projectiles.
Your melee attacks may engulf your foes in ooze.


Message History

The death yak is almost dead.
The death yak gores you!
You hit the death yak. You headbutt the death yak.
You bludgeon the death yak, but do no damage.
The death yak is almost dead.
You hit the death yak but do no damage. The death yak gores you.
You barely miss the death yak.
You bludgeon the death yak, but do no damage.
The death yak is almost dead.
You hit the death yak but do no damage. You hit the death yak.
The death yak gores you!
The death yak gores you but does no damage.
The death yak barely misses you. The death yak attacks as you move away!
The death yak closely misses you. The death yak attacks as you move away!
The death yak gores you!!
* * * LOW HITPOINT WARNING * * *
Aiming: Fastroot
Press: ? - help, Shift-Dir - straight line, f - death yak
Aim: a death yak (almost dead)
The roots erupt in riotous growth!
Roots grab the death yak. x3
The grasping roots constrict the death yak.
You kill the death yak!
The grasping roots constrict the death yak.
The grasping roots constrict the death yak!
The death yak gores you.
* * * LOW HITPOINT WARNING * * *
The death yak gores you!
* * * LOW HITPOINT WARNING * * *
Your life force feels restored.
Your Evocations skill increases to level 7!
The tremorstone explodes into fragments!
The burst of rock shards engulfs the death yak.
The burst of rock shards engulfs the death yak! x3
The grasping roots constrict the death yak.
The grasping roots constrict the death yak!
You hear an angry hiss.
The roots release their grip on the death yak.
The death yak gores you!!
You die...

..........#....
..........#....#
...............##
................
#........##....
#.......Y......
#......@.......
..###...####Y......
...............#...
..####....#.......
... ###....#........
.... #...####....#...
#....#.....####....#.
#....#.....####.....
#....#.....#....# #


You could see 2 death yaks.

Vanquished Creatures
  A death yak (D:8)
  2 manticores (D:7)
  A deep elf pyromancer (D:7)
  The ghost of SleepySteel the Trooper, a novice MeFE (D:4)
  Joseph (D:7)
  A komodo dragon (D:7)
  2 trolls (D:7)
  Grinder (D:3)
  Sigmund (D:5)
  Eustachio (D:4)
  A wyvern (D:8)
  3 vampire mosquitoes
  2 water moccasins
  Duvessa (D:5)
  A sky beast (D:7)
  3 ice beasts
  2 ogres
  A centaur (D:7)
  4 lemures (D:7)
  A phantom (D:6)
  A bullfrog (D:7)
  3 scorpions
  4 wights (D:7)
  Dowan (D:5)
  A howler monkey (D:6)
  4 hounds
  4 orc priests
  A gnoll bouda (D:5)
  Natasha (twice) (D:3)
  2 orc wizards (D:6)
  2 hell rats (D:8)
  5 iguanas
  Robin (D:2)
  5 gnolls (D:5)
  13 adders
  A river rat (D:8)
  2 shadow imps (D:7)
  A worm (D:4)
  5 dart slugs
  17 orcs
  3 bats
  2 endoplasms (D:1)
  4 giant cockroaches
  15 goblins
  6 hobgoblins
  7 jackals
  8 quokkas
  8 ball pythons
  9 frilled lizards
  8 kobolds
  10 rats
186 creatures vanquished.

Vanquished Creatures (collateral kills)
  2 vampire mosquitoes (D:6)
  A phantom (D:6)
  An orc (D:6)
4 creatures vanquished.

Vanquished Creatures (others)
  A kobold demonologist (D:7)
  2 slime creatures (D:7)
  A water moccasin (D:6)
  11 jellies
  A hound (D:7)
  An iguana (D:5)
  Natasha (D:3)
  An adder (D:2)
  2 river rats (Sewer)
  A worm (Sewer)
  2 endoplasms
  An orc (D:4)
  2 ball pythons (Sewer)
  4 giant cockroaches (Sewer)
  2 quokkas (D:3)
  2 bats
  A frilled lizard (Sewer)
  2 goblins
  3 kobolds
  3 rats
44 creatures vanquished.

Grand Total: 234 creatures vanquished

Notes
Turn   | Place    | Note
-------+----------+-------------------------------------------
     0 | D:1      | NinjaNoafa the Minotaur Fighter began the quest for the
                  | Orb.
     0 | D:1      | Reached XP level 1. HP: 19/19 MP: 0/0
    68 | D:1      | Found a faded altar of an unknown god.
    81 | D:1      | Reached skill level 3 in Axes
    84 | D:1      | Reached XP level 2. HP: 14/26 MP: 1/1
   234 | D:1      | Prayed at the altar of an unknown god.
   234 | D:1      | Became a worshipper of Jiyva Jiru the Shapeless
   234 | D:1      | Reached * piety under Jiyva
   438 | D:1      | Reached skill level 4 in Axes
   449 | D:1      | You fall into a shaft and drop 1 floor!
   489 | D:2      | Reached XP level 3. HP: 31/31 MP: 2/2
   706 | D:2      | Reached ** piety under Jiyva
   720 | D:2      | Noticed Robin
   737 | D:2      | Killed Robin
   738 | D:2      | Reached skill level 5 in Axes
  1044 | D:2      | Reached XP level 4. HP: 39/39 MP: 3/3
  1458 | D:3      | Reached *** piety under Jiyva
  1503 | D:3      | Noticed Natasha
  1510 | D:3      | Killed Natasha
  1511 | D:3      | Reached skill level 6 in Axes
  1528 | D:3      | Noticed Natasha
  1533 | D:3      | Killed Natasha
  1563 | D:3      | Noticed Natasha
  1578 | D:3      | Killed Natasha
  1579 | D:3      | Reached XP level 5. HP: 31/45 MP: 4/4
  1586 | D:3      | Noticed Grinder
  1588 | D:3      | Paralysed by Grinder for 2 turns
  1592 | D:3      | Killed Grinder
  1593 | D:3      | Reached skill level 7 in Axes
  1947 | D:4      | Noticed an ogre
  1959 | D:4      | Killed an ogre
  1960 | D:4      | Reached skill level 8 in Axes
  1960 | D:4      | Reached XP level 6. HP: 36/51 MP: 3/5
  2025 | D:4      | Gained mutation: Your translucent skin slightly reduces
                  | your foes' accuracy. (Stealth+) [Jiyva's grace]
  2025 | D:4      | Gained mutation: Your translucent skin reduces your foes'
                  | accuracy. (Stealth+) [Jiyva's grace]
  2025 | D:4      | Gained mutation: Your transparent skin significantly
                  | reduces your foes' accuracy. (Stealth+) [Jiyva's grace]
  2025 | D:4      | Gained mutation: Armour fits poorly on your pseudopods.
                  | [Jiyva's grace]
  2059 | D:4      | Noticed Eustachio
  2078 | D:4      | Killed Eustachio
  2079 | D:4      | Reached skill level 9 in Axes
  2079 | D:4      | Reached XP level 7. HP: 34/57 MP: 6/6
  2204 | D:4      | Found a glowing drain.
  2208 | Sewer    | Entered a sewer
  2324 | Sewer    | Found a viscous altar of Jiyva.
  2449 | D:4      | Reached **** piety under Jiyva
  2536 | D:4      | Reached skill level 10 in Axes
  2565 | D:4      | Found a runed translucent door.
  2580 | D:4      | Noticed SleepySteel's ghost (novice MeFE)
  2817 | D:4      | Killed SleepySteel's ghost
  2818 | D:4      | Reached skill level 11 in Axes
  2818 | D:4      | Reached XP level 8. HP: 64/64 MP: 7/7
  2841 | D:5      | Entered Level 5 of the Dungeon
  2988 | D:5      | Noticed Duvessa
  2991 | D:5      | Noticed Dowan
  2999 | D:5      | Killed Duvessa
  3000 | D:5      | Reached skill level 12 in Axes
  3004 | D:5      | Killed Dowan
  3269 | D:5      | Found an iron altar of Okawaru.
  3326 | D:5      | Found a broken altar of Ashenzari.
  3342 | D:5      | Found a staircase to the Ecumenical Temple.
  3342 | D:5      | Reached ***** piety under Jiyva
  3604 | D:5      | Lost mutation: Your transparent skin significantly reduces
                  | your foes' accuracy. (Stealth+) [Jiyva's grace]
  3604 | D:5      | Gained mutation: You are covered in slimy tendrils that may
                  | disarm your opponents. [Jiyva's grace]
  3604 | D:5      | Gained mutation: Your melee attacks may engulf your foes in
                  | ooze. [Jiyva's grace]
  3604 | D:5      | Gained mutation: You have supernaturally acute eyesight.
                  | (SInv) [Jiyva's grace]
  3604 | D:5      | Gained mutation: You have a small jelly attached to you
                  | that may absorb projectiles. [Jiyva's grace]
  3629 | D:5      | Noticed Sigmund
  3633 | D:5      | Killed Sigmund
  3634 | D:5      | Reached skill level 13 in Axes
  3692 | Temple   | Entered the Ecumenical Temple
  3969 | D:6      | Reached skill level 14 in Axes
  3969 | D:6      | Reached XP level 9. HP: 57/71 MP: 8/8
  4021 | D:6      | Found a large runed translucent door.
  4022 | D:6      | Found a large runed translucent door.
  4197 | D:6      | Reached skill level 5 in Fighting
  4197 | D:6      | Reached skill level 5 in Armour
  4310 | D:6      | Found a hide-covered altar of Uskayaw.
  4506 | D:6      | Found a shadowy altar of Dithmenos.
  4512 | D:6      | Found a snail-covered altar of Cheibriados.
  4573 | D:7      | Killed a kobold demonologist
  4593 | D:7      | Noticed Pikel
  4601 | D:7      | Slimified Pikel
  4601 | D:7      | Pikel changed into Pikel the slime creature
  4601 | D:7      | Noticed Pikel
  4636 | D:7      | Noticed Joseph
  4718 | D:7      | Noticed a deep elf pyromancer
  4719 | D:7      | Noticed a manticore
  4720 | D:7      | Found a runed translucent door.
  4729 | D:7      | Killed a manticore
  4729 | D:7      | Noticed a troll
  4737 | D:7      | Killed a deep elf pyromancer
  4771 | D:7      | Killed Pikel the slime creature
  4777 | D:7      | Killed Joseph
  4778 | D:7      | Reached skill level 1 in Evocations
  4778 | D:7      | Reached XP level 10. HP: 59/88 MP: 7/9
  4975 | D:7      | Noticed a manticore
  4982 | D:7      | Killed a manticore
  4988 | D:7      | Reached skill level 5 in Evocations
  5113 | D:7      | Identified the ring "Bivojesemm" {rElec rC+ Int+2 SInv
                  | Stlth+}
  5447 | D:8      | Reached ****** piety under Jiyva
  5484 | D:8      | Noticed a death yak
  5494 | D:8      | Noticed a death yak
  5495 | D:8      | Noticed a death yak
  5505 | D:8      | Killed a death yak
  5506 | D:8      | Slain by a death yak

Illustrated notes

Levels and vault maps discovered:
D:1:      minmay_arrival_shoal_huts, layout_rooms, basic_ecumenical_altar,
          serial_curves, eino_curves_02, eino_curves_02
D:2:      layout_loops_ring, nicolae_figureground_sparkle, uniq_robin
D:3:      layout_basic, minmay_strange_pillars, uniq_natasha, uniq_grinder
D:4:      layout_cave_pools, gup_sewer_entry_spiral,
          hellmonk_ghost_happy_afterlife, uniq_eustachio
D:5:      layout_loops_ring, cheibrodos_ashenzari_chains,
          okawaru_ov_weapons_minmay, minmay_temple_entry_arrows, uniq_sigmund,
          uniq_duvessa
D:6:      layout_basic, mainiacjoe_overflow_brackets, jmf_multi_god_temple2
D:7:      minmay_the_grid_four_pointed_star
          [minmay_the_grid_triangle_9x9_corruption,
          minmay_the_grid_triangle_9x9_zippers_vertical,
          minmay_the_grid_triangle_9x9_windchime,
          minmay_the_grid_triangle_9x9_subtriangle,
          minmay_the_grid_prize_trominoes], layout_cave_pools, uniq_pikel,
          uniq_joseph
D:8:      layout_basic, dpeg_lair_monsters, serial_glass, glass_columns_b,
          glass_columns_a, serial_shops, nicolae_diamond_shop
Temple:   nicolae_temple_bog_church

Skill      XL: |  1  2  3  4  5  6  7  8  9 10 |
---------------+-------------------------------+-----
Axes           | 3 4 5 6 8 9 11 14 | 14.0
Fighting       | 4 8 |  8.0
Armour         | 4 8 |  8.0
Evocations     | 1 7 |  7.2
Shields        | |  3.6

Action                   |  1- 3 |  4- 6 |  7- 9 | 10-12 || total
-------------------------+-------+-------+-------+-------++-------
Melee: War axe           |    77 |    99 |   212 |   101 ||   489
       Headbutt          |     4 |    10 |    32 |    20 ||    66
       Pseudopods        |       |     2 |    31 |    19 ||    52
Invok: Oozemancy         |       |     1 |       |       ||     1
       Slimify           |       |       |     1 |       ||     1
Evoke: Wand              |       |       |     7 |     1 ||     8
       Tin of tremorston |       |       |       |     1 ||     1
  Use: Potion            |       |       |     6 |       ||     6
Armor: Scale mail        |    56 |    47 |    30 |       ||   133
       Skin              |       |       |    29 |       ||    29
       Chain mail        |       |       |    13 |    24 ||    37
Dodge: Dodged            |    42 |    62 |   109 |    55 ||   268
Block: Buckler           |    27 |    20 |    48 |    28 ||   123

Table legend: (Time is in decaauts)
 A = Elapsed time spent in this place.
 B = Non-inter-level travel time spent in this place.
 C = Inter-level travel time spent in this place.
 D = Time resting spent in this place.
 E = Time spent auto-exploring this place.
 F = Levels seen in this place.
 G = Mean time per level.
                   A        B        C        D        E       F      G
               +--------+--------+--------+--------+--------+-----+--------+
         Total |   5625 |   5169 |    456 |      0 |   3817 |  10 |  562.5 |
       Dungeon |   5219 |   4787 |    432 |      0 |   3522 |   8 |  652.4 |
        Temple |    224 |    201 |     23 |      0 |    185 |   1 |  224.0 |
         Sewer |    181 |    181 |      0 |      0 |    110 |   1 |  181.0 |
               +--------+--------+--------+--------+--------+-----+--------+

Top non-repeatable levels by time:
     D:4: 846 daAuts
     D:5: 772 daAuts
     D:2: 744 daAuts
     D:7: 740 daAuts
     D:6: 695 daAuts
     D:1: 682 daAuts
     D:3: 633 daAuts
  Temple: 224 daAuts
   Sewer: 181 daAuts
     D:8: 103 daAuts
